 Dungeon Crawl Stone Soup version 0.30.0-5-g1a98f26d00 (webtiles) character file.

Game seed: 5294565008666428420

1164 ChrisAssaf the Shooter (level 8, -7/66 HPs)
             Began as a Grey Draconian Hunter on May 9, 2023.
             Mangled by an ogre
             ... wielding a +0 giant club
              (18 damage)
             ... on level 5 of the Dungeon.
             The game lasted 00:11:35 (3340 turns).

ChrisAssaf the Shooter (Grey Draconian Hunter)      Turns: 3340, Time: 00:11:35

Health: -7/66      AC: 11    Str: 14    XL:     8   Next: 17%
Magic:  11/11      EV: 14    Int: 12    God:
Gold:   153        SH:  0    Dex: 20    Spells: 11/11 levels left

rFire   + . .        f - +1 spear (heavy)
rCold   . . .        (no shield)
rNeg    . . .        (body armour unavailable)
rPois   .            (helmet restricted)
rElec   .            (no cloak)
rCorr   .            (no gloves)
SInv    .            (no boots)
Will    .....        (no amulet)
Stlth   +++          m - ring of protection from fire
HPRegen 0.31/turn    k - +6 ring of dexterity
MPRegen 0.12/turn

%: no passive effects
@: about to teleport
A: AC +11, amphibious, unfitting armour, cold-blooded, subdued magic 1
a: no special abilities


You were on level 5 of the Dungeon.
You visited 1 branch of the dungeon, and saw 5 of its levels.

You collected 153 gold pieces.

Inventory:

Hand Weapons
 a - a +0 shortbow
 f - a +1 heavy spear (weapon)
 i - a +3 whip
Missiles
 g - 2 javelins
 n - 3 boomerangs (quivered)
Jewellery
 k - a +6 ring of dexterity (right hand)
 m - a ring of protection from fire (left hand)
Wands
 o - a wand of flame (2)
 p - a wand of charming (8)
Scrolls
 b - a scroll of immolation
 d - a scroll of amnesia
 e - a scroll of silence
 j - a scroll of noise
 l - a scroll of vulnerability
Potions
 c - 2 potions of brilliance {unknown}


   Skills:
 * Level 4.1 Fighting
 * Level 3.2(3.5) Maces & Flails
 * Level 1.7(2.1) Polearms
 * Level 1.6(3.0) Staves
 * Level 5.1 Ranged Weapons
 * Level 2.6 Throwing
 * Level 3.6 Dodging
 * Level 2.9 Stealth
 * Level 2.1 Spellcasting
 * Level 2.4 Evocations


You had 11 spell levels left.
You didn't know any spells.
Your spell library contained the following spells:

 Spells                   Type           Power      Damage    Failure   Level
 Portal Projectile        Hex/Tloc       0%         N/A       58%         3
 Tukima's Dance           Hex            0%         N/A       58%         3
 Blade Hands              Tmut           0%         N/A       100%        5


Dungeon Overview and Level Annotations

Branches:
Dungeon (5/15)             Temple (0/1) D:5

Altars:
Fedhas
Okawaru
Qazlal
Vehumet

Shops:
D:4 :


Innate Abilities, Weirdness & Mutations

Your dull iron-grey scales are very hard. (AC +11)
You are amphibious.
You cannot fit into any form of body armour.
You are cold-blooded and may be slowed by cold attacks.
Your spells are a little easier to cast, but a little less powerful.


Message History

Press: ? - help, Q - select action, (/) - cycle Shift-Dir - straight line, f/p - hound
Aim: a hound (moderately wounded, 56% to hit)
You throw a boomerang. The boomerang closely misses the hound.
Throw: 3 boomerangs
Press: ? - help, Q - select action, (/) - cycle Shift-Dir - straight line, f/p - hound
Aim: a hound (moderately wounded, 56% to hit)
You throw a boomerang. The boomerang hits the hound!
The hound is severely wounded.
The hound closely misses you.
You hit the hound.
You kill the hound!
An adder comes into view.
The adder moves out of view.
The gnoll sergeant shouts!
The adder hisses angrily.
The ogre misses you.
The ogre hits you with a +0 giant club!!
You hear a shout! x2
You hit the ogre.
The ogre is lightly wounded.
The ogre closely misses you.
You hit the ogre. You tail-slap the ogre.
The ogre is moderately wounded.
The adder closely misses you. The gnoll sergeant misses you.
The ogre closely misses you.
You hit the ogre but do no damage.
You tail-slap the ogre, but do no damage.
The ogre is moderately wounded.
The adder misses you. The gnoll sergeant barely misses you.
The adder bites you but does no damage.
The ogre hits you with a +0 giant club!!
* * * LOW HITPOINT WARNING * * *
The gnoll sergeant hits you but does no damage.
As you read the scroll of magic mapping, it crumbles to dust.
You feel aware of your surroundings. The adder misses you.
The gnoll sergeant hits you but does no damage.
The adder misses you.
As you read the scroll of teleportation, it crumbles to dust.
You feel strangely unstable.
The ogre hits you with a +0 giant club!!
You die...

...####* **,,####*#### #..# ..##
**,,##..###..#####.## .##
#,,##.##.##.###.....## .#
*#.,#_#.##.##.#.......## .#**
**...####.##.##.#..##...##
..,*****,....*#..###..##.#####...
...,,**,,.....#########..# #...
**,,,,,,,.........##.....# #..#
,****,,,,......S@........# ##..#
,** **,,,.......O........# ##...#
,,* *,,,....gg.......(..###...##
,,** **,,....g.###.............##
,,,** *,,......* ##.............#
,,,,***,,..g...* #..............
,,,,,*,,,.....** *#...........##.
,,,,,,,,,.....****..####.....#*#.
,,,,,,,,,,,,,,,**,,** ###...* #.


You could see an ogre, a gnoll sergeant, 3 gnolls and an adder.

Vanquished Creatures
  A water moccasin (D:5)
  Duvessa (D:4)
  A sky beast (D:4)
  2 black bears
  An ogre (D:4)
  A bullfrog (D:4)
  2 scorpions (D:5)
  Dowan (D:4)
  A howler monkey (D:5)
  3 hounds
  5 iguanas
  4 gnolls
  2 adders
  An ufetubus (D:5)
  A worm (D:2)
  4 dart slugs
  5 orcs (D:5)
  3 endoplasms
  4 goblins
  4 hobgoblins
  4 jackals (D:2)
  5 quokkas
  4 ball pythons
  A bat (D:2)
  A frilled lizard (D:2)
  4 kobolds
  3 rats
69 creatures vanquished.

Notes
Turn   | Place    | Note
-------+----------+-------------------------------------------
     0 | D:1      | ChrisAssaf the Draconian Hunter began the quest for the
                  | Orb.
     0 | D:1      | Reached XP level 1. HP: 17/17 MP: 1/1
   448 | D:2      | Reached XP level 2. HP: 10/24 MP: 2/2
   519 | D:2      | Reached skill level 4 in Ranged Weapons
   638 | D:2      | Reached skill level 1 in Stealth
   676 | D:2      | Reached XP level 3. HP: 30/30 MP: 3/3
   721 | D:2      | Found a faded altar of an unknown god.
   817 | D:4      | Noticed a black bear
   826 | D:4      | Reached XP level 4. HP: 32/37 MP: 4/4
   833 | D:4      | Killed a black bear
   834 | D:4      | Reached skill level 1 in Maces & Flails
   834 | D:4      | Reached skill level 1 in Spellcasting
   834 | D:4      | Reached XP level 5. HP: 15/45 MP: 4/6
   962 | D:4      | Found a stormy altar of Qazlal.
  1072 | D:4      | Noticed Dowan
  1078 | D:4      | Noticed Duvessa
  1094 | D:4      | Noticed a black bear
  1207 | D:3      | Killed a black bear
  1208 | D:3      | Reached skill level 1 in Throwing
  1208 | D:3      | Reached skill level 1 in Evocations
  1334 | D:4      | Reached XP level 6. HP: 19/51 MP: 7/7
  1340 | D:4      | Noticed a sky beast
  1485 | D:4      | Killed a sky beast
  1589 | D:4      | Found an iron altar of Okawaru.
  1606 | D:4      | Found a blossoming altar of Fedhas.
  1641 | D:4      | Killed Duvessa
  1651 | D:4      | Killed Dowan
  1652 | D:4      | Your scales start taking on a dull iron-grey colour.
  1652 | D:4      | Reached XP level 7. HP: 55/58 MP: 9/9
  1817 | D:4      | Identified the +4 long sword of the Salmon {flame, Str+4
                  | Dex+2}
  1839 | D:4      | Reached skill level 1 in Staves
  1945 | D:4      | Found Egouvil's Book Shoppe.
  2035 | D:4      | Reached skill level 1 in Polearms
  2167 | D:5      | Entered Level 5 of the Dungeon
  2419 | D:5      | Gained mutation: Your spells are a little easier to cast,
                  | but a little less powerful. [potion of mutation]
  2424 | D:5      | Reached skill level 5 in Ranged Weapons
  2802 | D:5      | Reached XP level 8. HP: 50/66 MP: 11/11
  3303 | D:5      | Found a radiant altar of Vehumet.
  3340 | D:5      | Mangled by an ogre

Illustrated notes

Levels and vault maps discovered:
D:1:      dpeg_arrival_tiny_a, layout_basic
D:2:      layout_basic, basic_ecumenical_altar, patterned_corridor
D:3:      layout_loops_ring, chequers_temple_overflow_statue_of_worship,
          corexii_shack
D:4:      layout_basic, pf_just_have_faith, okawaru_ov_weapons_minmay,
          mainiacjoe_overflow_alcove_1, serial_shops, shop, uniq_duvessa
D:5:      layout_layer_cave, marbit_many_paths, minmay_temple_entry_ruins

Skill      XL: |  1  2  3  4  5  6  7 |
---------------+----------------------+-----
Ranged Weapons | 4 5 |  5.1
Dodging        | 2 3 |  3.6
Stealth        | 1 2 |  2.9
Fighting       | 3 4 |  4.1
Maces & Flails | 1 2 3 |  3.2
Spellcasting   | 1 2 |  2.1
Throwing       | 1 2 |  2.6
Evocations     | 1 2 |  2.4
Staves         | 1 |  1.6
Polearms       | 1 |  1.7

Action                     |  1- 3 |  4- 6 |  7- 9 || total
---------------------------+-------+-------+-------++-------
  Melee: Whip              |    43 |    47 |       ||    90
         Tailslap          |     3 |    10 |    15 ||    28
         Punch             |       |     1 |     2 ||     3
         Spear             |       |     5 |    92 ||    97
   Fire: Shortbow          |    36 |       |       ||    36
  Throw: Javelin           |     7 |     2 |       ||     9
         Boomerang         |       |     3 |    68 ||    71
  Evoke: Wand              |       |    16 |     2 ||    18
    Use: Potion            |       |     1 |     2 ||     3
         Scroll            |       |     3 |     6 ||     9
 Armour: Skin              |    15 |    28 |    56 ||    99
  Dodge: Dodged            |    50 |    44 |   114 ||   208
